AoeStats
← Undead

Arabia

508121382Analyzed
2v2 RM · 10d ago on Sep 21, 2026· 35m 27s· 4 players
Game mode
Random Map
Map size
Medium (4 player)
Population
200
Speed
Normal
Resources
Standard
Victory
Conquest
Starting age
Dark Age
Ending age
Imperial Age
RankedLock teamsTeams togetherTeam positionsShared explorationLock speedFull tech treeHidden civsTurbo modeCheats
Victory
Defeat
🇵🇹 Byzantines · Portugal
1282
+13
🇵🇦 Inca · Panama
1247
+14
🇮🇳 Dravidians · India
1424
-21
🇮🇳 Mongols · India
1000
-23
Juanfreelance
8:09 Loom
10:34 Feudal Age
11:22 Double-Bit Axe
11:58 Gold Mining
14:44 Fletching
23:47 Castle Age
23:34 Padded Archer Armor
24:02 Crossbowman
24:39 Bodkin Arrow
25:35 Thumb Ring
26:48 Horse Collar
27:47 Gold Shaft Mining
27:58 Bow Saw
32:45 Ballistics
34:39 Wheelbarrow
37:55 Imperial Age
darkdavixi
6:32 Loom
8:55 Feudal Age
10:53 Wheelbarrow
11:00 Double-Bit Axe
14:28 Horse Collar
19:20 Scale Barding Armor
25:17 Castle Age
24:10 Gold Mining
24:38 Forging
27:32 Husbandry
31:10 Chain Barding Armor
34:12 Iron Casting
35:08 Bow Saw
Undead
7:24 Loom
10:06 Feudal Age
10:53 Double-Bit Axe
13:49 Fletching
23:14 Castle Age
22:33 Padded Archer Armor
22:38 Horse Collar
22:54 Gold Mining
23:25 Crossbowman
24:07 Bodkin Arrow
27:19 Thumb Ring
31:11 Thumb Ring
Degenereat Potato
10:10 Feudal Age
11:20 Loom
11:27 Horse Collar
11:36 Double-Bit Axe
15:15 Bloodlines
31:14 Castle Age
Connection lost

Rejoining the realm…

Still unreachable

The connection could not be restored.

Session expired

The server has moved on; the page needs a fresh start.